AoeStats
← Kukaracho

Black Forest

508111845Analyzed
4v4 RM · 13d ago on Sep 20, 2026· 49m 17s· 8 players
Game mode
Random Map
Map size
Large (8 player)
Population
200
Speed
Normal
Resources
Standard
Victory
Conquest
Starting age
Dark Age
Ending age
Imperial Age
RankedLock teamsTeams togetherTeam positionsShared explorationLock speedFull tech treeHidden civsTurbo modeCheats
Victory
Defeat
🇦🇷 Chinese · Argentina
1291
+13
🇦🇷 Magyars · Argentina
1257
+14
🇦🇷 Turks · Argentina
1221
+16
🇦🇷 Aztecs · Argentina
1211
+16
🇪🇸 Lithuanians · Spain
1289
-17
🇦🇷 Khmer · Argentina
1215
-15
🇺🇸 Koreans · United States
1200
-14
🇨🇳 Bulgarians · China
1166
-13
Franco Colapinto
11:41 Feudal Age
12:07 Fishing Lines
15:45 Castle Age
14:29 Double-Bit Axe
15:41 Loom
17:06 Gillnets
18:01 Bow Saw
19:08 Wheelbarrow
20:56 Bloodlines
22:20 Scale Barding Armor
23:22 Horse Collar
24:11 Husbandry
24:17 Town Watch
25:38 Hand Cart
27:28 Forging
28:34 Chain Barding Armor
28:46 Town Patrol
28:45 Gold Mining
28:45 Stone Mining
29:16 Heavy Plow
30:36 Iron Casting
29:51 Fletching
32:44 Imperial Age
31:11 Gold Shaft Mining
31:11 Stone Shaft Mining
31:26 Padded Archer Armor
31:21 Bodkin Arrow
32:15 Stone Shaft Mining
32:22 Light Cavalry
33:40 Ballistics
33:40 Devotion
34:43 Chemistry
34:08 Capped Ram
34:19 Heavy Scorpion
34:36 Hussar
35:03 Siege Ram
38:09 Blast Furnace
37:45 Plate Barding Armor
37:26 Leather Archer Armor
37:11 Bracer
37:27 Double Crossbow
37:47 Conscription
38:54 Crop Rotation
39:21 Siege Engineers
40:34 Ring Archer Armor
39:57 Elite Battle Elephant
40:07 Elite Skirmisher
ajanderson120
0:43 Loom
11:15 Feudal Age
14:41 Double-Bit Axe
14:49 Stone Mining
15:07 Horse Collar
17:51 Castle Age
18:44 Gold Mining
23:07 Ballistics
23:24 Fletching
24:05 Fortified Wall
25:21 Bodkin Arrow
35:10 Bow Saw
37:40 Squires
38:21 Squires
39:59 Scale Mail Armor
hcenemod
10:19 Feudal Age
14:52 Castle Age
16:07 Horse Collar
23:45 Scale Barding Armor
23:55 Heavy Plow
24:54 Forging
24:45 Gold Mining
25:10 Double-Bit Axe
25:30 Stone Mining
26:07 Bow Saw
26:39 Wheelbarrow
26:44 Devotion
26:48 Husbandry
28:01 Iron Casting
30:01 Chain Barding Armor
30:31 Bloodlines
30:08 Light Cavalry
31:21 Hand Cart
31:58 Loom
33:50 Stone Shaft Mining
33:54 Town Watch
35:09 Town Patrol
37:56 Imperial Age
37:21 Scale Mail Armor
38:22 Chain Mail Armor
38:44 Cavalier
39:03 Pikeman
39:44 Squires
39:47 Tower Shields
40:07 Conscription
284352547
2:36 Loom
12:24 Feudal Age
12:57 Double-Bit Axe
13:47 Horse Collar
15:03 Gold Mining
17:40 Scale Mail Armor
19:08 Arson
19:31 Fletching
20:47 Stone Mining
22:46 Forging
25:03 Castle Age
26:39 Bodkin Arrow
26:36 Gambesons
27:11 Chain Mail Armor
29:26 Scale Barding Armor
29:08 Town Watch
30:46 Bow Saw
31:42 Wheelbarrow
36:28 Hand Cart
38:05 Masonry
38:57 Stone Shaft Mining
38:41 Murder Holes
39:55 Chain Barding Armor
40:11 Iron Casting
42:46 Gold Shaft Mining
44:51 Imperial Age
43:10 Ballistics
43:46 Bloodlines
43:36 Husbandry
seba_aof
0:29 Loom
12:10 Feudal Age
15:50 Castle Age
14:09 Double-Bit Axe
14:49 Horse Collar
17:37 Bow Saw
17:33 Heavy Plow
20:02 Fishing Lines
22:37 Wheelbarrow
21:56 Gold Mining
23:54 Gold Shaft Mining
23:11 Stone Mining
24:12 Gillnets
26:29 Elite Skirmisher
28:19 Sanctity
28:36 Hand Cart
28:03 Pikeman
28:44 Squires
28:52 Scale Mail Armor
29:30 Forging
33:14 Imperial Age
31:24 Chain Mail Armor
32:37 Iron Casting
32:18 Fervor
33:21 Capped Ram
35:04 Two-Man Saw
34:36 Plate Mail Armor
33:28 Elite Fire Lancer
35:12 Stone Shaft Mining
34:59 Conscription
35:00 Rocketry
34:40 Great Wall
34:51 Fletching
35:40 Coinage
36:13 Chemistry
36:54 Banking
37:46 Blast Furnace
37:03 Thumb Ring
36:20 Crossbowman
36:35 Siege Ram
37:52 Ballistics
37:43 Masonry
37:23 Town Watch
40:31 Bodkin Arrow
46:24 Architecture
47:11 Bracer
47:12 Padded Archer Armor
velko nicolaev iotov
0:33 Loom
13:54 Feudal Age
18:01 Castle Age
22:10 Imperial Age
20:34 Double-Bit Axe
32:28 Bow Saw
35:26 Two-Man Saw
49:17 Wheelbarrow
48:25 Horse Collar
Kukaracho
1:04 Loom
12:25 Feudal Age
16:37 Castle Age
14:36 Fishing Lines
15:24 Gold Mining
17:51 Double-Bit Axe
22:07 Bow Saw
22:34 Gold Shaft Mining
23:01 Scale Barding Armor
23:08 Gillnets
25:13 Horse Collar
26:35 Wheelbarrow
26:24 Bloodlines
27:32 Chain Barding Armor
27:42 Husbandry
37:47 Imperial Age
35:55 Hand Cart
37:37 Stone Mining
37:57 Cavalier
39:19 Plate Barding Armor
46:53 Paladin
El loro
0:50 Loom
15:22 Feudal Age
15:30 Man-at-Arms
18:11 Double-Bit Axe
20:02 Fletching
26:35 Forging
28:37 Castle Age
32:36 Castle Age
30:54 Scale Mail Armor
31:27 Stone Mining
40:04 Wheelbarrow
40:09 Gold Mining
43:51 Iron Casting
43:17 Scale Mail Armor
48:01 Imperial Age
50:03 Garland Wars
50:06 Chain Mail Armor
Connection lost

Rejoining the realm…

Still unreachable

The connection could not be restored.

Session expired

The server has moved on; the page needs a fresh start.